[Event "Team 45 45 League T43"]
[Site "Internet Chess Club"]
[Date "2009.11.15"]
[Round "3"]
[White "Budzo"]
[Black "Ehab"]
[Result "1-0"]
[WhiteElo "1839"]
[BlackElo "1816"]
[Opening "QGD Slav: 3.Nf3"]
[ECO "D11"]
[Time "14:01:25"]
[TimeControl "2700+45"]

1. Nf3 d5 2. d4 c6 3. c4 e6 4. e3 f5 5. Nc3 a6 6. Bd3 Nf6 7. O-O Bd6 8. c5 Bc7
9. b4 O-O 10. Bb2 Bd7 11. Qb3 Be8 12. a4 Nbd7 13. b5 Bh5 14. Be2 Ne4 15. bxc6
bxc6 16. Qc2 Bxf3 17. Bxf3 Bxh2+ 18. Kxh2 Qh4+ 19. Kg1 Rf6 20. g3 Rg6 21. Bg2
Qh6 22. Ne2 Ndf6 23. Nf4 Ng4 24. Bh3 Rf8 25. Bxg4 Rxg4 26. Kg2 Qg5 27. Ne2 h5
28. Rh1 h4 29. Raf1 Nxg3 30. fxg3 Rxg3+ 31. Kf2 f4 32. Nxg3 hxg3+ 33. Kg2 f3+
34. Rxf3 Rxf3 35. Kxf3 g2 36. Qxg2 Qf5+ 37. Kg3 Qg5+ 38. Kf2 Qf5+ 39. Kg1 Qb1+
40. Kh2 Qh7+ 41. Qh3 Qc2+ 42. Kg3 Qe4 {Black resigns} 1-0

[Event "Team 45 45 League T43"]
[Site "Internet Chess Club"]
[Date "2009.11.19"]
[Round "3"]
[White "f5"]
[Black "imgr8"]
[Result "1-0"]
[WhiteElo "2182"]
[BlackElo "1981"]
[Opening "Sicilian: closed"]
[ECO "B24"]
[Time "16:00:33"]
[TimeControl "2700+45"]

1. e4 c5 2. Nc3 Nc6 3. g3 e6 4. Bg2 Nge7 5. Nge2 a6 6. a4 g6 7. O-O Bg7 8. d3
O-O 9. Be3 Nd4 10. f4 d6 11. Bf2 Nec6 12. e5 dxe5 13. Ne4 exf4 14. Nxf4 e5 15.
Nd5 Be6 16. Ndf6+ Kh8 17. g4 Bxf6 18. Nxf6 Qxf6 19. Bxd4 Qe7 20. Be3 Nb4 21. Qe2
Rad8 22. Bh6 f6 23. g5 Rf7 24. gxf6 Qd6 25. Bg7+ Kg8 26. Rae1 Qd4+ 27. Kh1 Nc6
28. Qd2 Qxa4 29. Re4 Nd4 30. Qh6 Qd7 31. Qxh7+ {Black resigns} 1-0

[Event "Team 45 45 League T43"]
[Site "Internet Chess Club"]
[Date "2009.11.14"]
[Round "3"]
[White "snottgoblin"]
[Black "bobhill"]
[Result "0-1"]
[WhiteElo "2037"]
[BlackElo "2023"]
[Opening "English: symmetrical variation"]
[ECO "A38"]
[Time "22:04:33"]
[TimeControl "2700+45"]

1. Nf3 c5 2. c4 Nc6 3. g3 g6 4. Bg2 Bg7 5. Nc3 Nf6 6. d3 O-O 7. Rb1 d6 8. a3 Bd7
9. b4 cxb4 10. axb4 Ng4 11. Bd2 e6 12. h3 Nf6 13. Qc1 a6 14. Bg5 Qc7 15. b5 Na5
16. b6 Qd8 17. Qa3 Nc6 18. Qxd6 h6 19. Bd2 Re8 20. Qa3 e5 21. Qc1 Kh7 22. g4 e4
23. dxe4 Be6 24. g5 Ng8 25. gxh6 Bxh6 26. Bxh6 Nxh6 27. Ng5+ Kg7 28. Nd5 Bxd5
29. exd5 Ne5 30. f4 Nd3+ 31. Kd2 Nxc1 32. Rhxc1 Qe7 33. e4 Qc5 34. Ke2 Rac8 35.
Rc2 Qd4 36. Rd1 Qxb6 37. e5 Nf5 38. d6 Rcd8 39. c5 Qb5+ 40. Rd3 Nd4+ 41. Kd2
Nxc2 42. Kxc2 {White resigns} 0-1

[Event "Team 45 45 League T43"]
[Site "Internet Chess Club"]
[Date "2009.11.14"]
[Round "3"]
[White "Beddathanme"]
[Black "Guoruey"]
[Result "0-1"]
[WhiteElo "1860"]
[BlackElo "1946"]
[Opening "Sicilian: Grand Prix attack"]
[ECO "B23"]
[Time "20:01:29"]
[TimeControl "2700+45"]

1. e4 c5 2. Nc3 Nc6 3. f4 g6 4. Nf3 Bg7 5. Bb5 Nd4 6. O-O Nxb5 7. Nxb5 Qb6 8.
Nc3 e6 9. d3 d6 10. Qe1 Ne7 11. Kh1 O-O 12. Qh4 Re8 13. g4 d5 14. f5 exf5 15.
gxf5 dxe4 16. dxe4 gxf5 17. Nd5 Nxd5 18. exd5 Re4 19. Qh5 Qg6 20. Qh3 Rg4 21.
Re1 Bd7 22. Bd2 Rd8 23. Ne5 Bxe5 24. Rxe5 Bc6 25. dxc6 Qxc6+ {White resigns} 0-1

[Event "Team 45 45 League T43"]
[Site "Internet Chess Club"]
[Date "2009.11.14"]
[Round "3"]
[White "jefferyx"]
[Black "Beetlejuice"]
[Result "0-1"]
[WhiteElo "1980"]
[BlackElo "1905"]
[Opening "Sicilian: Taimanov (Bastrikov) variation"]
[ECO "B47"]
[Time "15:15:37"]
[TimeControl "2700+45"]

1. e4 c5 2. Nf3 e6 3. d4 cxd4 4. Nxd4 Nc6 5. Nc3 Qc7 6. Be2 a6 7. O-O Nf6 8. Be3
Bb4 9. Na4 Be7 10. Nxc6 bxc6 11. Nb6 Rb8 12. Nxc8 Qxc8 13. Bd4 d6 14. Qd3 c5 15.
Bc3 O-O 16. f3 Rb6 17. b3 d5 18. Rad1 Rc6 19. Bxf6 dxe4 20. fxe4 Bxf6 21. Qc3
Bxc3 22. Rd3 Bf6 23. Bf3 Rc7 24. Rfd1 c4 25. Rd6 cxb3 26. cxb3 Rc1 27. h3 Qc5+
28. Kh1 Rxd1+ 29. Rxd1 Rd8 {White resigns} 0-1

[Event "Team 45 45 League T43"]
[Site "Internet Chess Club"]
[Date "2009.11.15"]
[Round "3"]
[White "oldsj"]
[Black "Gilguli"]
[Result "1-0"]
[WhiteElo "1613"]
[BlackElo "1537"]
[Opening "Latvian: Fraser defense"]
[ECO "C40"]
[Time "15:02:10"]
[TimeControl "2700+45"]

1. e4 e5 2. Nf3 f5 3. Nxe5 Nc6 4. Nxc6 dxc6 5. Nc3 Nf6 6. e5 Nd5 7. d4 Be6 8.
Bd2 c5 9. Nxd5 Bxd5 10. c4 Bf7 11. d5 Be7 12. Be2 O-O 13. O-O Bg6 14. f4 a6 15.
Bc3 h6 16. Rf3 Be8 17. Rh3 b5 18. b3 b4 19. Bb2 a5 20. Qe1 a4 21. e6 a3 22. Be5
Bf6 23. Qg3 Kh7 24. Bd3 Bxe5 25. fxe5 c6 26. d6 Rg8 27. Bxf5+ g6 28. e7 Qc8 29.
Bxc8 Rxc8 30. Qg4 Rb8 31. Rf1 Rb7 32. Qe6 Kg7 {Black resigns} 1-0

[Event "Team 45 45 League T43"]
[Site "Internet Chess Club"]
[Date "2009.11.15"]
[Round "3"]
[White "IanT"]
[Black "badmove"]
[Result "1/2-1/2"]
[WhiteElo "1484"]
[BlackElo "1607"]
[Opening "Giuoco Piano: four knights variation"]
[ECO "C55"]
[Time "07:00:20"]
[TimeControl "2700+45"]

1. e4 e5 2. Nf3 Nc6 3. Bc4 Nf6 4. Nc3 Bc5 5. O-O d6 6. h3 a6 7. d3 h6 8. Be3
Bxe3 9. fxe3 Be6 10. Bb3 Bxb3 11. axb3 Ne7 12. d4 c6 13. Qd3 Ng6 14. d5 Qb6 15.
Kh1 Nh5 16. Kh2 O-O 17. Rad1 Rad8 18. Qe2 Nf6 19. Qc4 cxd5 20. Nxd5 Nxd5 21.
Qxd5 Ne7 22. Qd3 Ng6 23. Qe2 Qb4 24. Qd3 Qb6 25. Qc3 Qc5 26. Rd3 Qxc3 27. Rxc3
Rc8 28. Rd1 Rxc3 29. bxc3 Rd8 30. Kg3 Kf8 31. h4 f6 32. Kg4 Kf7 33. h5 Ne7 34.
Nh4 g6 35. hxg6+ Nxg6 36. Nf5 Ke6 37. Nxh6 Rh8 38. Nf5 Rd8 39. c4 Ne7 40. c5 Nc8
41. cxd6 Nxd6 42. Nxd6 Rxd6 43. Rxd6+ Kxd6 44. Kf5 Ke7 45. Kg6 a5 46. c4 b6 47.
g4 Ke6 48. Kg7 Ke7 49. Kg8 Ke8 50. Kg7 Ke7 51. Kg6 Ke6 52. g5 fxg5 53. Kxg5 Kd7
54. Kf6 Kd6 55. Kf5 Kc5 56. Kxe5 Kb4 57. Kf5 Kxb3 58. e5 a4 59. e6 a3 60. e7 a2
61. e8=Q a1=Q 62. Qb5+ Kc2 63. Qxb6 Qf1+ 64. Ke5 Qxc4 65. Qg6+ Kd2 66. e4 Qc5+
67. Kf4 Qf2+ 68. Kg4 Qg2+ 69. Kf5 Qf2+ 70. Ke6 Qb6+ 71. Kf7 Qc7+ 72. Kg8 Qc8+
73. Kh7 Qd7+ 74. Kh6 Qh3+ 75. Kg5 Qg3+ 76. Kf5 Qf3+ 77. Ke5 Qc3+ 78. Kd5 Qa5+
79. Ke6 {Game drawn by mutual agreement} 1/2-1/2

[Event "Team 45 45 League T43"]
[Site "Internet Chess Club"]
[Date "2009.11.16"]
[Round "3"]
[White "beerss"]
[Black "GiulioCre"]
[Result "1-0"]
[WhiteElo "1356"]
[BlackElo "1172"]
[Opening "Bird's opening"]
[ECO "A02"]
[Time "15:00:25"]
[TimeControl "2700+45"]

1. f4 d6 2. Nf3 Nf6 3. e3 Nbd7 4. Be2 e5 5. fxe5 dxe5 6. O-O Be7 7. Bb5 c6 8.
Ba4 b5 9. Bb3 O-O 10. Nc3 a5 11. a3 Ba6 12. Ne2 b4 13. c3 Qc7 14. Rf2 Ng4 15.
Rf1 e4 16. g3 exf3 17. Rxf3 Ndf6 18. Nd4 Bc8 19. axb4 c5 20. Nf5 Bxf5 21. Rxf5
axb4 22. Rxa8 Rxa8 23. Rf1 c4 24. Bc2 b3 25. Bf5 h5 26. Qf3 Rd8 27. Be4 Rf8 28.
d4 Nxe4 29. Qxe4 Nf6 30. Qf3 Bd6 31. e4 h4 32. e5 Bxe5 33. dxe5 Qxe5 34. Bf4
Qc5+ 35. Be3 Qh5 36. Qf4 hxg3 37. Qxg3 Qg6 38. Bd4 Qxg3+ 39. hxg3 Ne4 40. Kg2
Re8 41. Ra1 Ng5 42. Rf1 Re2+ 43. Rf2 Rxf2+ 44. Kxf2 Ne4+ 45. Kf3 Nd6 46. Kf4 Nb5
47. Ke4 Nxd4 48. Kxd4 Kf8 49. Kxc4 Ke7 50. Kxb3 Kd6 51. Kc4 Kc6 52. b3 f5 53.
Kd3 g5 54. Ke2 Kd5 55. Kd3 f4 56. gxf4 gxf4 57. Ke2 Ke4 58. Kf2 Kd3 59. c4 Kd4
60. Kf3 Kc5 61. Kxf4 Kd6 62. Ke4 Kc5 63. Ke5 Kc6 64. b4 Kb6 65. Kd6 Kb7 66. c5
Ka6 67. c6 Kb5 68. c7 Kxb4 69. c8=Q Kb3 70. Kd5 Kb4 71. Qc2 Kb5 72. Qb2+ Ka6 73.
Kc6 Ka5 74. Qb5# {Black checkmated} 1-0

[Event "Team 45 45 League T43"]
[Site "Internet Chess Club"]
[Date "2009.11.16"]
[Round "3"]
[White "carambola"]
[Black "chips"]
[Result "1-0"]
[WhiteElo "1211"]
[BlackElo "1182"]
[Opening "Owen defense"]
[ECO "B00"]
[Time "15:00:10"]
[TimeControl "2700+45"]

1. e4 b6 2. d4 Bb7 3. Bd3 d5 4. e5 e6 5. Nf3 Nc6 6. a3 f5 7. b4 a5 8. b5 Nb8 9.
O-O Nd7 10. Nc3 Be7 11. Bf4 Bh4 12. g3 Be7 13. Qe2 Nf8 14. Nd1 Ng6 15. Bd2 Kd7
16. a4 Qf8 17. Ng5 Bb4 18. c3 Be7 19. f4 h6 20. Nh3 Ba3 21. Ne3 Bb2 22. Ra2 Ba3
23. Rfa1 Be7 24. c4 Bb4 25. Qf3 Bxd2 26. Rxd2 N6e7 27. c5 Ke8 28. Rc1 Ng6 29. c6
Bc8 30. Nxd5 exd5 31. Qxd5 N6e7 32. Qb3 Be6 33. Qxe6 Rd8 34. Bxf5 Qxf5 35. Qxf5
Nxf5 36. d5 Ne3 37. d6 cxd6 38. exd6 Nf6 39. c7 Rc8 40. Re1 Nd5 41. Rxd5 Kd7 42.
Rxe3 Rce8 43. Rc3 Rc8 44. Rc6 Rhe8 45. Re5 Re6 46. Rxe6 Kxe6 47. f5+ Kd7 48. Nf4
Re8 49. Nd5 Re1+ 50. Kf2 Re8 51. Nxb6# {Black checkmated} 1-0

[Event "Team 45 45 League T43"]
[Site "Internet Chess Club"]
[Date "2009.11.16"]
[Round "3"]
[White "dscvdchk"]
[Black "yemisco1"]
[Result "0-1"]
[WhiteElo "1632"]
[BlackElo "1528"]
[Opening "Queen's gambit declined"]
[ECO "D06"]
[Time "16:03:59"]
[TimeControl "2700+45"]

1. d4 d5 2. c4 g6 3. cxd5 Qxd5 4. Nc3 Qd8 5. Nf3 Bg7 6. e4 c6 7. Be2 Bg4 8. Be3
Bxf3 9. Bxf3 e6 10. d5 Bxc3+ 11. bxc3 exd5 12. exd5 Nf6 13. Bg5 Qe7+ 14. Qe2
Qxe2+ 15. Bxe2 Nxd5 16. c4 Nc7 17. Bh6 Nd7 18. O-O O-O-O 19. a4 Rde8 20. Bg4 f5
21. Bd1 Re4 22. Rc1 Rhe8 23. Bf3 R4e6 24. Be3 a6 25. Bd1 Ne5 26. Bb3 Nd3 27. Rc3
Rd8 28. c5 Re5 29. Rd1 f4 30. Rcxd3 Rxd3 31. Rxd3 fxe3 32. fxe3 Rxc5 33. Kf2 Nd5
34. Bd1 Kc7 35. Rd4 Nf6 36. Bf3 g5 37. h3 b5 38. axb5 axb5 39. Ke2 Rc4 40. Rd2
Rc3 41. Rb2 Kb6 42. Kd2 Ra3 43. e4 c5 44. e5 Ng8 45. Bd5 Ne7 46. Bf7 Rg3 47. Kc1
Re3 48. e6 b4 49. Rd2 Rg3 50. Rd6+ Kb5 51. Be8+ Kc4 52. Rd2 b3 53. Kb2 Kb4 54.
Bh5 c4 55. Bf3 c3+ {White resigns} 0-1

[Event "Team 45 45 League T43"]
[Site "Internet Chess Club"]
[Date "2009.11.14"]
[Round "3"]
[White "reverendjim"]
[Black "g8wrb"]
[Result "1-0"]
[WhiteElo "1415"]
[BlackElo "1445"]
[Opening "French: classical, Rubinstein variation"]
[ECO "C14"]
[Time "08:04:22"]
[TimeControl "2700+45"]

1. e4 e6 2. d4 d5 3. Nc3 Nf6 4. Bg5 Be7 5. e5 Nfd7 6. Bxe7 Qxe7 7. Qd2 b6 8.
Nce2 Ba6 9. c3 c5 10. O-O-O Nc6 11. f4 Rc8 12. Kb1 cxd4 13. cxd4 O-O 14. Nf3 f6
15. exf6 Nxf6 16. Nc3 Bxf1 17. Rhxf1 a6 18. Ne5 b5 19. Nxc6 Rxc6 20. Rc1 Rfc8
21. Ne2 Rxc1+ 22. Rxc1 Rc4 23. b3 Ne4 24. Qe3 Rxc1+ 25. Qxc1 Qd7 26. Nc3 Qc6 27.
Nxe4 Qxc1+ 28. Kxc1 dxe4 29. Kd2 Kf7 30. Ke3 Kf6 31. Kxe4 h6 32. h4 h5 33. b4
Ke7 34. Ke5 Kd7 35. a3 Ke7 36. g3 Kd7 37. f5 exf5 38. Kxf5 Kd6 39. Kg5 Kd5 40.
Kxh5 Kxd4 41. Kg6 Kc3 42. Kxg7 Kb3 43. h5 Kxa3 44. h6 Kxb4 45. h7 a5 46. h8=Q a4
47. Qf8+ Kb3 48. Qf3+ Kc4 49. Qa3 Kd5 50. Qb4 Kc6 51. Kf6 Kb6 52. g4 a3 53. Qxa3
Kc6 54. Qb4 Kb6 55. g5 Kc6 56. g6 Kb6 57. g7 Kc6 58. g8=Q Kb6 59. Qe6+ Kc7 60.
Qxb5 Kd8 61. Qbd7# {Black checkmated} 1-0

[Event "Team 45 45 League T43"]
[Site "Internet Chess Club"]
[Date "2009.11.14"]
[Round "3"]
[White "seldredg"]
[Black "Aquaman"]
[Result "0-1"]
[WhiteElo "1341"]
[BlackElo "1353"]
[Opening "English, 1...Nf6 (Anglo-Indian defense)"]
[ECO "A15"]
[Time "14:12:43"]
[TimeControl "2700+45"]

1. c4 Nf6 2. g3 d6 3. Bg2 e5 4. Nc3 c6 5. d3 Be7 6. Bg5 Nbd7 7. e3 O-O 8. Nge2
h6 9. Bxf6 Nxf6 10. b4 Rb8 11. Rb1 Be6 12. O-O Qd7 13. Kh1 Bh3 14. Ng1 Bxg2+ 15.
Kxg2 b6 16. b5 c5 17. Qf3 Rbc8 18. Nd5 Bd8 19. Nxf6+ Bxf6 20. h4 Rfd8 21. e4 Rf8
22. Rb3 Bd8 23. Rd1 f5 24. exf5 Rxf5 25. Qe3 Qf7 26. Rf1 Qg6 27. Qe4 Be7 28. Nh3
Rcf8 29. Rb2 Qe8 30. Qb7 Bxh4 31. gxh4 Qg6+ 32. Kh2 R8f7 33. Rg1 Qh5 34. Rg3
Rxb7 35. Rb1 {White resigns} 0-1

[Event "Team 45 45 League T43"]
[Site "Internet Chess Club"]
[Date "2009.11.17"]
[Round "3"]
[White "nozmov"]
[Black "rgadoury"]
[Result "1-0"]
[WhiteElo "1380"]
[BlackElo "1252"]
[Opening "King's gambit"]
[ECO "C30"]
[Time "13:31:35"]
[TimeControl "2700+45"]

1. f4 e5 2. e4 d6 3. Nf3 Nc6 4. d4 exd4 5. Bc4 Be7 6. O-O Be6 7. Bxe6 fxe6 8.
Nxd4 Nxd4 9. Qxd4 Nf6 10. Qd3 Qd7 11. Nc3 O-O-O 12. Be3 b6 13. a4 a5 14. Qa6+
Kb8 15. Nb5 c5 16. Qxb6+ Qb7 17. Qxb7+ Kxb7 18. Nc3 Ng4 19. Bd2 Kb6 20. h3 Nf6
21. Rad1 h5 22. f5 e5 23. Bg5 h4 24. Bxf6 gxf6 25. Nd5+ Kb7 26. Nxe7 Rd7 27. Nd5
Rh6 28. Rd3 Kc6 29. Rb3 Rb7 30. Rxb7 Kxb7 31. Rf3 c4 32. b3 Kc6 33. Rc3 {Black
resigns} 1-0

[Event "Team 45 45 League T43"]
[Site "Internet Chess Club"]
[Date "2009.11.15"]
[Round "3"]
[White "tryanything"]
[Black "SCUGrad"]
[Result "1-0"]
[WhiteElo "1601"]
[BlackElo "1325"]
[Opening "Evans gambit"]
[ECO "C52"]
[Time "03:16:05"]
[TimeControl "2700+45"]

1. e4 e5 2. Nf3 Nc6 3. Bc4 Bc5 4. b4 Bxb4 5. c3 Ba5 6. d4 exd4 7. O-O Nf6 8. e5
d5 9. exf6 dxc4 10. fxg7 Rg8 11. Re1+ Ne7 12. Ba3 Be6 13. Qa4+ Nc6 14. Nxd4 Qd5
15. Nxc6 Rxg7 16. Nb4+ b5 17. Nxd5 bxa4 18. Bb4 O-O-O 19. Ne7+ {Black resigns}
1-0

[Event "Team 45 45 League T43"]
[Site "Internet Chess Club"]
[Date "2009.11.13"]
[Round "3"]
[White "AlPearson"]
[Black "smsxman"]
[Result "0-1"]
[WhiteElo "1391"]
[BlackElo "1545"]
[Opening "English opening"]
[ECO "A20"]
[Time "09:01:57"]
[TimeControl "2700+45"]

1. c4 e5 2. g3 Nc6 3. Bg2 d6 4. Nc3 Nf6 5. b3 Bd7 6. Bb2 Be7 7. Nf3 O-O 8. O-O
a6 9. d4 exd4 10. Nxd4 Rb8 11. a3 Re8 12. b4 Ng4 13. Rc1 Bf6 14. Nxc6 bxc6 15.
e3 Ne5 16. Na4 c5 17. f4 Bxa4 18. Qxa4 Ng4 19. Bxf6 Qxf6 20. bxc5 dxc5 21. Rcd1
Nxe3 22. Rfe1 c6 23. Rd7 Qb2 24. Rxf7 Qxg2# {White checkmated} 0-1

[Event "Team 45 45 League T43"]
[Site "Internet Chess Club"]
[Date "2009.11.13"]
[Round "3"]
[White "DrOMM"]
[Black "AtomicDog"]
[Result "1-0"]
[WhiteElo "1285"]
[BlackElo "1294"]
[Opening "Sicilian"]
[ECO "B50"]
[Time "14:00:31"]
[TimeControl "2700+45"]

1. e4 c5 2. Nf3 d6 3. c3 Nf6 4. Qe2 e6 5. d4 cxd4 6. cxd4 Be7 7. Nc3 a6 8. Qc2
O-O 9. Bd3 Nc6 10. a3 b5 11. Bf4 Bb7 12. e5 dxe5 13. dxe5 Nd5 14. Bxh7+ Kh8 15.
Nxd5 Qxd5 16. Be4 Qc5 17. Qxc5 Bxc5 18. Rc1 Na5 19. Nd2 Bxe4 20. Nxe4 Bd4 21.
Rc2 Nb3 22. O-O Rac8 23. Rxc8 Rxc8 24. Rb1 Rc2 25. Be3 Bxe5 26. Rd1 Rxb2 27. Ng5
Bf6 28. Nxf7+ Kg8 29. Ng5 Nd4 30. Kf1 e5 31. Rc1 Nc2 32. h4 Nxe3+ 33. fxe3 Bxg5
34. hxg5 Kf7 35. Rc6 Ke7 36. Rc7+ Kd6 37. Rxg7 Rb1+ 38. Kf2 Rb2+ 39. Kg3 Rb3 40.
Kf3 Rxa3 41. Rh7 Kd5 42. g6 Rc3 43. g7 e4+ 44. Kf4 {Black resigns} 1-0

[Event "Team 45 45 League T43"]
[Site "Internet Chess Club"]
[Date "2009.11.16"]
[Round "3"]
[White "Rubacchus"]
[Black "ars-felidae"]
[Result "0-1"]
[WhiteElo "1246"]
[BlackElo "1279"]
[Opening "Nimzo-Indian: classical, 4...Nc6"]
[ECO "E33"]
[Time "09:00:29"]
[TimeControl "2700+45"]

1. d4 Nf6 2. c4 e6 3. Nc3 Bb4 4. Qc2 Nc6 5. Nf3 O-O 6. Bg5 h6 7. Bh4 d5 8. e3
Re8 9. Bd3 dxc4 10. Bxc4 Be7 11. a3 Nd5 12. Bg3 a6 13. O-O Nxc3 14. Qxc3 Bd6 15.
Rad1 Bxg3 16. fxg3 Ne7 17. e4 b5 18. Ba2 Bb7 19. Bb1 Ng6 20. Ne5 Nxe5 21. dxe5
Qe7 22. Rf4 Rad8 23. Rdf1 Rf8 24. g4 c5 25. b4 cxb4 26. axb4 Rc8 27. Qg3 Qxb4
28. h4 Qd4+ 29. Kh2 Qxe5 30. g5 h5 31. Kh3 a5 32. Qf3 Rc3 33. Bd3 Qd6 34. Qg4
{White resigns} 0-1

[Event "Team 45 45 League T43"]
[Site "Internet Chess Club"]
[Date "2009.11.14"]
[Round "3"]
[White "GadsHill"]
[Black "chicopee-ed"]
[Result "1/2-1/2"]
[WhiteElo "1539"]
[BlackElo "1382"]
[Opening "Old Indian defense"]
[ECO "A42"]
[Time "15:00:19"]
[TimeControl "2700+45"]

1. d4 d6 2. c4 e5 3. dxe5 dxe5 4. Qxd8+ Kxd8 5. e4 Bb4+ 6. Bd2 Bxd2+ 7. Nxd2 c6
8. Ngf3 f6 9. Be2 c5 10. O-O Be6 11. Rfd1 Kc7 12. Nf1 Nc6 13. Ne3 Nge7 14. Rac1
Rad8 15. Rxd8 Rxd8 16. Nd5+ Bxd5 17. cxd5 Nd4 18. Nxd4 exd4 19. Rxc5+ Kd6 20.
Rc2 Rc8 21. Rxc8 Nxc8 22. f3 b6 23. Kf2 Ne7 24. Bd3 Ng6 25. g3 h6 26. Ke2 Ne5
27. f4 Nf7 28. Ba6 Kc5 29. Kd3 Nd6 30. e5 fxe5 31. fxe5 Nf7 32. Ke4 g6 33. d6
Ng5+ 34. Kd3 Nf7 35. Ke4 Ng5+ 36. Kd3 Nf7 37. Ke4 Ng5+ 38. Kd3 {Game drawn by
repetition} 1/2-1/2

[Event "Team 45 45 League T43"]
[Site "Internet Chess Club"]
[Date "2009.11.13"]
[Round "3"]
[White "guyd52"]
[Black "sdcohle"]
[Result "0-1"]
[WhiteElo "1332"]
[BlackElo "1393"]
[Opening "Réti: King's Indian attack (with ...c5)"]
[ECO "A08"]
[Time "18:00:50"]
[TimeControl "2700+45"]

1. Nf3 d5 2. g3 c5 3. d3 Nf6 4. Bg2 e5 5. Nxe5 Bd6 6. Nf3 Nc6 7. O-O O-O 8. Nbd2
Re8 9. e3 Bd7 10. b3 Qc8 11. Bb2 Be5 12. Nxe5 Nxe5 13. d4 Neg4 14. Qe2 cxd4 15.
Bxd4 Qxc2 16. h3 Nh6 17. Bxf6 gxf6 18. Bxd5 Be6 19. Bxb7 Rad8 20. Qh5 Qxd2 21.
Qxh6 Qd7 22. Be4 Bf5 23. Rad1 Qxd1 24. Rxd1 Rxd1+ 25. Kh2 Bxe4 26. Qxf6 Rh1#
{White checkmated} 0-1

[Event "Team 45 45 League T43"]
[Site "Internet Chess Club"]
[Date "2009.11.13"]
[Round "3"]
[White "TroyO"]
[Black "wekabird"]
[Result "0-1"]
[WhiteElo "1334"]
[BlackElo "1293"]
[Opening "Caro-Kann: classical variation"]
[ECO "B18"]
[Time "18:00:19"]
[TimeControl "2700+45"]

1. e4 c6 2. d4 d5 3. Nc3 dxe4 4. Nxe4 Bf5 5. Ng3 Bg6 6. Nf3 h6 7. Bc4 b5 8. Bb3
Nf6 9. Ne5 e6 10. Nxg6 fxg6 11. Bxe6 Qe7 12. O-O Nbd7 13. Re1 O-O-O 14. Bxd7+
Qxd7 15. c3 Bd6 16. Ne4 Nxe4 17. Rxe4 g5 18. Qg4 Qxg4 19. Rxg4 Rhe8 20. Be3 Be7
21. h4 h5 22. Re4 g4 23. Rxe7 Rxe7 24. Bg5 Re2 25. Bxd8 Kxd8 26. Rb1 Kd7 27. Kf1
Re4 28. Re1 Rf4 29. Re5 g3 30. f3 Rxh4 31. Rg5 Rh1+ 32. Ke2 Rb1 33. Rxg7+ Kc8
34. b4 Rb2+ 35. Kd3 Rxg2 36. Ke4 Re2+ 37. Kf4 g2 38. Rg6 Kb7 39. a3 h4 40. Rg7+
Kb6 41. Rg6 h3 42. d5 h2 43. Rxc6+ Kb7 {White resigns} 0-1

[Event "Team 45 45 League T43"]
[Site "Internet Chess Club"]
[Date "2009.11.15"]
[Round "3"]
[White "WilmaP"]
[Black "wrimle"]
[Result "0-1"]
[WhiteElo "1165"]
[BlackElo "1545"]
[Opening "Alekhine's defense: Scandinavian variation"]
[ECO "B02"]
[Time "15:02:06"]
[TimeControl "2700+45"]

1. e4 Nf6 2. Nc3 d5 3. f3 d4 4. Na4 e5 5. d3 b5 6. Nc3 dxc3 7. bxc3 Be7 8. d4
O-O 9. Bxb5 Ba6 10. Ba4 c6 11. Be3 Qa5 12. dxe5 Qxc3+ 13. Bd2 Qxe5 14. Bb3 Rd8
15. Rb1 Nxe4 16. fxe4 Qxe4+ 17. Ne2 Qxg2 18. Ng3 Bc5 19. c4 Qf2# {White
checkmated} 0-1

[Event "Team 45 45 League T43"]
[Site "Internet Chess Club"]
[Date "2009.11.14"]
[Round "3"]
[White "Toalla"]
[Black "NewfieKnight"]
[Result "0-1"]
[WhiteElo "1215"]
[BlackElo "1317"]
[Opening "KGD: Falkbeer counter-gambit"]
[ECO "C31"]
[Time "13:33:04"]
[TimeControl "2700+45"]

1. e4 e5 2. f4 d5 3. exd5 Qxd5 4. Nc3 Qd8 5. Bc4 Be6 6. Bxe6 fxe6 7. Qh5+ g6 8.
Qxe5 Qf6 9. Nf3 Bd6 10. Qxf6 Nxf6 11. d3 Nc6 12. Bd2 Bb4 13. Ne4 Nxe4 14. dxe4
Bxd2+ 15. Nxd2 Nd4 16. Kd1 O-O-O 17. c3 Nc6 18. Ke2 Rhf8 19. g3 e5 20. Rhf1 exf4
21. gxf4 b6 22. h4 Nb8 23. Rad1 Nd7 24. a4 Rfe8 25. b4 Nf6 26. e5 Nd5 27. Ne4
Rf8 28. Nf6 Nxc3+ {White resigns} 0-1

[Event "Team 45 45 League T43"]
[Site "Internet Chess Club"]
[Date "2009.11.15"]
[Round "3"]
[White "damnwrite"]
[Black "Newcastler"]
[Result "1-0"]
[WhiteElo "1189"]
[BlackElo "1294"]
[Opening "Sicilian: Taimanov variation"]
[ECO "B46"]
[Time "15:00:39"]
[TimeControl "2700+45"]

1. e4 c5 2. Nc3 Nc6 3. Nf3 e6 4. d4 cxd4 5. Nxd4 a6 6. Nxc6 bxc6 7. Bc4 d5 8.
exd5 exd5 9. Nxd5 cxd5 10. Bxd5 Qe7+ 11. Be3 Rb8 12. Qd4 Nf6 13. O-O g6 14. Bc6+
Bd7 15. Bxd7+ Qxd7 16. Qxf6 Rg8 17. Qxa6 Be7 18. Rad1 Qc7 19. Qa4+ Kf8 20. Bh6+
Rg7 21. Bxg7+ Kxg7 22. Rfe1 Rxb2 23. Rd7 Qb6 24. Qd4+ Qxd4 25. Rxd4 Rxc2 26. Ra4
Bf6 27. g3 Bc3 28. Rc4 h5 29. a4 Ra2 30. Rxc3 Rxa4 31. h4 Ra5 32. Rc7 Rf5 33. f4
Rf6 34. Kf2 Rf5 35. Kf3 Rf6 36. Re4 Rf5 37. g4 hxg4+ 38. Kxg4 Kh7 39. Ree7 Kg7
40. Re5 Rf6 41. f5 Kh6 42. fxg6 Rxg6+ 43. Kf5 Kh5 44. Rxf7 Rf6+ 45. Kxf6+ {Black
resigns} 1-0

[Event "Team 45 45 League T43"]
[Site "Internet Chess Club"]
[Date "2009.11.14"]
[Round "3"]
[White "ffplayer"]
[Black "dxf"]
[Result "1-0"]
[WhiteElo "1187"]
[BlackElo "1131"]
[Opening "King's Indian defense, 3.Nc3"]
[ECO "E61"]
[Time "10:30:22"]
[TimeControl "2700+45"]

1. d4 Nf6 2. c4 g6 3. Nc3 Bg7 4. Bg5 b6 5. Qc2 O-O 6. Nf3 d6 7. e4 Bb7 8. Bd3
Nbd7 9. Qd2 Re8 10. O-O Kh8 11. Bh6 Bxh6 12. Qxh6 Ng8 13. Qd2 f6 14. Rfe1 e5 15.
dxe5 fxe5 16. Ng5 Qf6 17. Nd5 Bxd5 18. cxd5 Nc5 19. Bc2 Rf8 20. b4 Nd7 21. Ne6
Rfc8 22. Re3 c6 23. Rf3 Qe7 24. dxc6 Qxe6 25. cxd7 Qxd7 26. a3 Qe6 27. Qd1 Nf6
28. Bb3 Qe7 29. Bc2 Rd8 30. Rh3 Rac8 31. b5 d5 32. Qe2 dxe4 33. Bxe4 Nxe4 34.
Qxe4 Rd2 35. Qxg6 Rcc2 36. Rf1 Ra2 37. Qb1 Qf7 38. Qe4 Rxf2 39. Qa8+ Kg7 40.
Rg3+ Kh6 41. Qc6+ Kh5 42. Rh3+ Kg5 43. Qh6+ Kf5 44. Rxf2+ Rxf2 45. Rh5+ Ke4 46.
Rh4+ Kd5 47. Qc6# {Black checkmated} 1-0

[Event "Team 45 45 League T43"]
[Site "Internet Chess Club"]
[Date "2009.11.16"]
[Round "3"]
[White "theartist"]
[Black "Graybeard"]
[Result "1-0"]
[WhiteElo "1145"]
[BlackElo "1144"]
[Opening "QGD Slav: 4.Nc3"]
[ECO "D15"]
[Time "10:01:41"]
[TimeControl "2700+45"]

1. d4 d5 2. c4 c6 3. Nc3 Nf6 4. Nf3 Nbd7 5. Bf4 Ne4 6. Qc2 Ndf6 7. e3 Bf5 8. Nh4
g6 9. Nxf5 gxf5 10. Be2 e6 11. O-O Bd6 12. Bxd6 Qxd6 13. c5 Qc7 14. f3 Ng3 15.
hxg3 Qxg3 16. Rf2 f4 17. e4 O-O-O 18. Bd3 Rdg8 19. exd5 exd5 20. Re1 Re8 21.
Rxe8+ Rxe8 22. Re2 Re3 23. Rxe3 fxe3 24. Qe2 Qf4 25. Bxh7 Nxh7 26. Qd3 Ng5 27.
Ne2 Nxf3+ 28. gxf3 Qxf3 29. Kh2 Kd8 30. Ng3 Qf2+ 31. Kh3 f6 32. Qe2 Ke7 33. Qxf2
exf2 34. Kg2 b6 35. b4 bxc5 36. bxc5 Ke6 37. Kxf2 f5 38. Kf3 Kf6 39. Kf4 a5 40.
Nxf5 Ke6 41. Ne3 Kd7 42. a4 Ke6 43. Nc2 Kd7 44. Na1 Kc7 45. Nb3 Kb7 46. Nxa5+
Kc7 47. Ke5 Kd7 48. Nb3 Kc7 49. a5 Kb7 50. Kd6 {Black resigns} 1-0